Map: Emerald City LE

Players

kprodigy

  • Race: Zerg Zerg
  • League: Platinum
  • Spawn Location: 11:00

Frostblood

  • Race: Zerg Zerg
  • League: Silver
  • Spawn Location: 11:00

Nightmare - Winner!

  • Race: Protoss Protoss
  • League: Gold
  • Spawn Location: 5:00

XxDepravity - Winner!

  • Race: Zerg Zerg
  • League: Platinum
  • Spawn Location: 5:00

VOD

Have the link to the VOD?

Description

Mass Phoenix harrass triple nydus in bases

Time

  • Played on: July 14, 2019, 1:42 p.m.
  • Length: 12:15
Show
View Real Time Build Order
Export as new Build Order

kprodigy Zerg 

Build Orders: Hatch First 

Get SALT Encoding   

  12  0:02  Drone  
  13  0:13  Overlord  
  13  0:23  Drone  
  14  0:45  Drone x3  
  17  0:54  Hatchery  
  16  0:59  Drone  
  17  1:07  Drone  
  18  1:14  Extractor  
  17  1:21  Spawning Pool  
  17  1:25  Overlord  
  16  1:30  Drone  
  17  2:02  Drone x2  
  17  2:08  Queen  
  21  2:09  Queen  
  21  2:11  Drone  
  21  2:15  Drone  
  25  2:16  Drone  
  26  2:25  Metabolic Boost  
  26  2:30  Zergling x6  
  30  2:37  Drone  
  30  2:41  Drone  
  31  2:49  Drone  
  32  3:04  Drone x2  
  32  3:05  Drone  
  35  3:10  Overlord  
  35  3:17  Drone  
  35  3:18  Overlord  
  35  3:19  Overlord  
  36  3:23  Lair  
  36  3:28  Zergling x2  
  36  3:29  Zergling x6  
  36  3:30  Zergling x2  
  41  3:47  Zergling x8  
  45  3:56  Overlord  
  45  3:59  Zergling x2  
  45  4:01  Queen  
  48  4:05  Zergling x8  
  52  4:10  Zergling x2  
  53  4:21  Overlord x2  
  53  4:25  Zergling x2  
  53  4:26  Zergling x4  
  56  4:36  Spore Crawler  
  55  4:38  Spore Crawler  
  55  4:43  Nydus Network  
  53  4:46  Zergling x12  
  59  4:55  Zergling x2  
  60  5:02  Zergling x2  
  60  5:03  Zergling x12  
  67  5:13  Zergling x4  
  69  5:19  Queen  
  71  5:30  Zergling x6  
  74  5:37  Nydus Canal  
  74  5:42  Zergling x4  
  76  5:45  Overlord x3  
  61  6:05  Nydus Canal  
  61  6:10  Zergling x12  
  61  6:11  Zergling x6  
  64  6:19  Drone  
  65  6:32  Burrow, Nydus Canal  
  64  6:34  Drone  
  64  6:35  Zergling x4  
  65  6:43  Zergling x2  
  46  6:54  Zergling x6  
  49  7:03  Zergling x2  
  40  7:09  Zergling x2  
  40  7:14  Zergling x2  
  39  7:22  Zergling x2  
  36  7:27  Drone  
  36  7:28  Drone  
  37  7:37  Spore Crawler  
  37  7:38  Spore Crawler  
  37  7:40  Spore Crawler  
  37  7:42  Drone x2  
  36  7:47  Drone  
  34  7:56  Spore Crawler  
  34  7:58  Spore Crawler  
  31  8:01  Spore Crawler  
  31  8:03  Overlord x3  
  30  8:09  Overlord x2  
  30  8:24  Overlord  
  30  8:32  Zergling x2  
  21  8:48  Overlord  
  20  8:59  Overlord  
  20  9:16  Hatchery  
  19  9:28  Overlord x2  
  19  9:29  Overlord  
  19  9:31  Queen  
  18  9:54  Spore Crawler  
  18  9:58  Spore Crawler  
  16  10:01  Spore Crawler  
  16  10:02  Spore Crawler  
  16  10:04  Drone x3  
  17  10:07  Queen  
  19  10:20  Drone  
  20  10:29  Drone  
  21  11:02  Drone x5  
  26  11:04  Drone x3  
  17  11:27  Zergling x6  
  17  11:28  Zergling x2  
Show
View Real Time Build Order
Export as new Build Order

Frostblood Zerg 

Build Orders: Hatch First 

Get SALT Encoding   

  12  0:04  Drone  
  13  0:15  Overlord  
  13  0:27  Drone  
  14  0:33  Drone x2  
  16  0:42  Drone  
  17  0:59  Drone  
  17  1:01  Hatchery  
  17  1:03  Drone  
  18  1:10  Drone  
  19  1:21  Extractor  
  18  1:29  Spawning Pool  
  18  1:30  Overlord  
  17  2:16  Zergling x4  
  17  2:17  Queen  
  17  2:19  Queen  
  23  2:46  Hatchery  
  22  2:53  Queen  
  22  2:54  Queen, Spore Crawler x2  
  24  3:12  Spore Crawler  
  23  3:41  Drone x6  
  29  4:04  Drone x6  
  29  4:05  Drone  
  36  4:29  Roach Warren  
  35  4:31  Evolution Chamber  
  35  4:32  Lair  
  35  4:33  Evolution Chamber  
  33  4:40  Drone x2, Extractor  
  34  4:46  Extractor  
  34  4:47  Extractor  
  34  4:49  Zergling x2  
  34  4:50  Zergling x2  
  34  4:53  Overlord  
  34  5:06  Zerg Ground Armor Level 1  
  34  5:09  Zerg Missile Weapons Level 1  
  34  5:11  Drone  
  35  5:15  Drone  
  35  5:18  Drone  
  35  5:20  Drone  
  38  5:28  Roach  
  40  5:30  Roach  
  42  6:02  Glial Reconstitution  
  42  6:07  Overlord x6  
  42  6:20  Nydus Network  
  41  6:28  Roach  
  41  6:29  Roach x2  
  45  6:57  Drone x14  
  52  7:33  Overlord x7  
  52  7:34  Overlord x2  
  52  7:53  Roach x3  
  52  7:54  Roach x6  
  70  8:02  Spire  
  61  8:16  Pneumatized Carapace  
  61  8:27  Roach x2  
  63  8:30  Roach  
  63  8:48  Roach  
  63  8:49  Roach x3  
  69  8:56  Spore Crawler  
  69  8:59  Spore Crawler x2  
  69  9:00  Drone x7  
  68  9:25  Drone x5  
  64  10:33  Roach  
  64  10:34  Roach x8  
  66  10:40  Queen  
  66  10:41  Queen x2  
  64  10:55  Hydralisk Den  
  63  11:00  Mutalisk x2  
  61  11:24  Roach  
  61  11:25  Zergling x2, Roach x6  
  50  11:43  Zergling x2  
  50  11:44  Zergling x4  
  46  11:51  Zergling x2  
Show
View Real Time Build Order
Export as new Build Order

Nightmare Protoss - Winner!

Build Orders: Phoenix Opening, Mass Phoenix 

Get SALT Encoding   

  1  0:00  Probe  
  12  0:06  Probe  
  14  0:15  Probe  
  15  0:23  Pylon  
  15  0:41  Probe  
  16  0:43  Gateway  
  16  0:51  Assimilator  
  16  0:53  Probe  
  17  1:04  Probe  
  17  1:07  Gateway  
  18  1:12  Probe  
  19  1:20  Probe  
  20  1:31  Cybernetics Core  
  20  1:33  Pylon  
  20  1:37  Zealot  
  22  1:42  Pylon  
  22  1:49  Probe  
  22  1:54  Assimilator  
  23  1:59  Warp Gate  
  23  2:00  Pylon  
  23  2:01  Probe  
  24  2:13  Probe  
  25  2:32  Nexus  
  25  2:36  Assimilator  
  25  2:47  Stargate  
  25  2:59  Probe  
  25  3:04  Stargate  
  26  3:07  Probe  
  27  3:16  Probe  
  28  3:28  Protoss Air Weapons Level 1  
  28  3:31  Phoenix  
  30  3:38  Pylon  
  30  3:40  Pylon  
  30  3:46  Probe  
  30  3:47  Probe  
  32  3:50  Phoenix  
  34  3:58  Probe  
  34  3:59  Probe  
  36  4:17  Probe x2  
  36  4:19  Phoenix  
  40  4:28  Phoenix  
  40  4:29  Probe x2  
  44  4:41  Probe x2  
  44  4:44  Phoenix  
  48  4:53  Phoenix  
  50  5:09  Phoenix, Probe  
  53  5:18  Fleet Beacon  
  54  5:21  Probe  
  54  5:27  Pylon  
  54  5:29  Probe  
  54  5:30  Probe, Assimilator  
  56  5:38  Phoenix, Probe  
  56  5:41  Probe  
  60  5:47  Probe  
  60  5:53  Probe  
  62  6:10  Zealot  
  40  6:26  Phoenix x2  
  44  6:49  Phoenix x2  
  46  7:14  Phoenix x2  
  50  7:39  Phoenix x2  
  54  8:12  Phoenix x2  
  58  8:56  Phoenix x2  
  58  8:58  Anion Pulse-Crystals  
  58  9:00  Probe x2  
  62  9:08  Probe x2  
  66  9:18  Probe x2  
  68  9:30  Probe x2  
  70  9:42  Probe x2  
  72  10:10  Zealot x2  
  71  10:41  Void Ray  
Show
View Real Time Build Order
Export as new Build Order

XxDepravity Zerg - Winner!

Build Orders: Hatch First 

Get SALT Encoding   

  12  0:01  Drone  
  13  0:12  Overlord  
  13  0:18  Drone  
  14  0:39  Drone  
  14  0:40  Drone x2  
  17  1:09  Hatchery  
  17  1:18  Drone x3  
  17  1:22  Extractor  
  18  1:25  Spawning Pool  
  17  1:35  Drone  
  18  1:41  Drone  
  19  1:58  Drone  
  20  2:15  Overlord  
  20  2:16  Queen  
  20  2:21  Queen  
  20  2:22  Zergling x4  
  26  2:25  Metabolic Boost  
  26  2:38  Drone  
  26  2:39  Drone x2  
  29  2:46  Baneling Nest  
  28  2:52  Extractor  
  28  2:56  Queen  
  29  3:11  Drone x4  
  33  3:19  Spore Crawler  
  32  3:23  Drone x2  
  32  3:24  Hatchery, Drone  
  34  3:27  Drone  
  35  3:39  Lair  
  35  3:46  Evolution Chamber  
  35  3:47  Evolution Chamber  
  33  3:49  Drone  
  33  3:50  Drone  
  35  4:03  Drone  
  36  4:20  Overlord x3  
  36  4:21  Overlord  
  36  4:37  Drone x4  
  40  4:38  Zergling x2  
  40  4:39  Zergling x10  
  46  4:46  Drone  
  46  4:52  Centrifical Hooks  
  47  4:53  Zergling x2  
  47  4:54  Zergling x2  
  47  4:58  Drone x2  
  47  4:59  Drone  
  52  5:01  Baneling x3  
  52  5:03  Baneling  
  52  5:06  Drone  
  53  5:13  Zerg Melee Weapons Level 1  
  53  5:15  Zerg Ground Armor Level 1  
  53  5:25  Drone x3  
  56  5:28  Extractor  
  56  5:29  Drone  
  56  5:30  Drone x2, Extractor  
  56  5:31  Drone x2  
  56  5:33  Drone  
  60  5:39  Overlord  
  60  5:45  Zergling x10  
  55  6:05  Zergling x2  
  55  6:06  Zergling x22  
  63  6:18  Zergling x2  
  63  6:19  Zergling x14  
  63  6:24  Baneling x2  
  63  6:25  Baneling x3  
  44  6:44  Hatchery  
  44  6:45  Zergling x10  
  29  6:50  Baneling  
  29  6:51  Zergling x2, Baneling  
  31  7:01  Zergling x2  
  31  7:02  Zergling x4  
  31  7:15  Zergling x2  
  31  7:16  Zergling x4  
  31  7:18  Zergling x2  
  31  7:19  Zergling x2  
  36  7:23  Zergling x2  
  37  7:55  Drone x4  
  37  7:56  Drone x3  
  37  7:57  Drone x2  
  46  8:04  Queen  
  45  8:28  Zergling x16  
  43  8:43  Queen  
  43  8:45  Queen  
  44  9:05  Queen x2  
  42  9:12  Drone  
  42  9:13  Drone x4  
  47  9:19  Queen  
  47  9:22  Zergling x10  
  54  9:29  Drone  
  54  9:30  Zergling x4, Drone  
  58  9:37  Zergling x6  
  61  9:44  Baneling Nest  
  60  9:46  Drone x2  
  55  10:03  Zergling x2  
  55  10:04  Zergling x18  
  55  10:05  Zergling x2  
  65  10:18  Zergling x10  
  68  10:29  Zergling x12  
  68  10:30  Zergling x2  
  69  10:40  Overlord x2, Drone  
  69  10:41  Drone  
  68  10:57  Zergling x4  
  68  10:58  Zergling x18  
  79  11:17  Zergling x6  
  79  11:18  Zergling x18  
  90  11:25  Zergling x2  
  90  11:26  Zergling x10  
  90  11:30  Zergling x2  
  90  11:31  Zergling x4  
  97  11:39  Zergling x2  
  98  11:40  Zergling x10  
Tags
 
Add a new tag
Caveats
  • Supply blocks, unpowered buildings, or Contaminate may cause inaccurate times.
  • Supply counts are checked every 10 seconds.